 Dungeon Sprint DCSS version 0.30.1-1-g62c8e00024 (webtiles) character file.

Game seed: 7892945542372448481

1029 boopmooplesden the Stickfighter (level 12, -5/88 HPs)
             Began as a Gargoyle Gladiator on July 15, 2023.
             Was the Champion of Trog.
             Slain by an eldritch tentacle (9 damage)
             ... called by a dimme
             ... in the Dungeon (Sprint VI: "Thunderdome").
             The game lasted 00:06:06 (1432 turns).

boopmooplesden the Stickfighter (GrGl)              Turns: 1432, Time: 00:06:07

Health: -5/88      AC: 25    Str: 18    XL:     12   Next: 19%
Magic:  0/21       EV: 10    Int: 13    God:    Trog [******]
Gold:   930        SH:  0    Dex: 16    Spells: 11/11 levels left

rFire   + + +        x - +12 lajatang of Trog's Generosity {flame, rF+++ Str-4 SInv Stlth+}
rCold   + + .        (shield currently unavailable)
rNeg    + + .        u - +0 plate armour
rPois   ∞            t - +0 hat of the Undertaker {rF+ rC+ rN+ Dex-5}
rElec   +            (no cloak)
rCorr   +            (no gloves)
SInv    +            (no boots)
Will    +....        q - amulet of Pessimism {Spirit rElec rC+ Str+2 Int+3} Stlth
                     p - ring "Erajorog" {rF+ Will+ Dex+6}
HPRegen 0.34/turn    r - ring of the Pariah {Fire rElec MP+9 Dex+2 SInv}
MPRegen 0.17/turn

%: no teleportation, guardian spirit
@: mighty, resistant, mesmerised
A: sickness immunity, AC +8, negative energy resistance 1, electricity
resistance, torment resistance 1, petrification resistance
}: 1/15 runes: serpentine
a: Renounce Religion, Berserk, Trog's Hand, Brothers in Arms


You were in the Dungeon.
You worshipped Trog.
Trog was exalted by your worship.
You visited 1 branch You collected 1380 gold pieces.
You spent 450 gold pieces at shops.

Inventory:

Hand Weapons
 a - a +0 quarterstaff
 w - a +2 quarterstaff
 x - the +12 lajatang of Trog's Generosity (weapon) {flame, rF+++ Str-4 SInv Stlth+}
   (Trog gifted it to you in the Dungeon)

   Str:       It affects your strength (-4).
   rF:        It renders you almost immune to fire.
   SInv:      It lets you see invisible.
   Stlth:     It makes you more stealthy.
Missiles
 d - 3 throwing nets (quivered)
 e - a javelin
Armour
 b - a +0 leather armour
 c - a +0 helmet
 s - a +1 scale mail of poison resistance
 t - the +0 hat of the Undertaker (worn) {rF+ rC+ rN+ Dex-5}
   (You bought it in a shop in the Dungeon)

   Dex:       It affects your dexterity (-5).
   rF:        It protects you from fire.
   rC:        It protects you from cold.
   rN:        It protects you from negative energy.
 u - a +0 plate armour (worn)
Jewellery
 p - the ring "Erajorog" (left hand) {rF+ Will+ Dex+6}
   (You bought it in a shop in the Dungeon)

   [ring of dexterity]

   Dex:       It affects your dexterity (+6).
   rF:        It protects you from fire.
   Will:      It increases your willpower.
 q - the amulet of Pessimism (around neck) {Spirit rElec rC+ Str+2 Int+3}
   (You bought it in a shop in the Dungeon)

   [amulet of guardian spirit]

   It causes incoming damage to be divided between your reserves of health and
   magic.
   Str:       It affects your strength (+2).
   Int:       It affects your intelligence (+3).
   rC:        It protects you from cold.
   rElec:     It insulates you from electricity.
 r - the ring of the Pariah (right hand) {Fire rElec MP+9 Dex+2 SInv}
   (You bought it in a shop in the Dungeon)

   [ring of fire]

   It enhances your fire magic.
   Dex:       It affects your dexterity (+2).
   rF:        It protects you from fire.
   rC:        It makes you vulnerable to cold.
   rElec:     It insulates you from electricity.
   MP:        It affects your magic capacity (+9).
   SInv:      It lets you see invisible.
Wands
 m - a wand of quicksilver (5)
 n - a wand of roots (17)
 v - a wand of paralysis (6)
Scrolls
 k - 4 scrolls of blinking
 o - 3 scrolls of fog
Potions
 f - a potion of curing
 g - 3 potions of heal wounds
 h - 4 potions of haste
 i - 2 potions of magic
 j - a potion of berserk rage
 l - a potion of resistance


   Skills:
 + Level 15.2 Fighting
 + Level 19.1 Staves
 + Level 3.1 Throwing
 + Level 15.4 Armour
 + Level 9.5 Dodging
 + Level 4.4 Stealth


You had 11 spell levels left.
You didn't know any spells.
Your spell library was empty.

Dungeon Overview and Level Annotations

Branches:
Dungeon (1/1)

Altars:
Cheibriados
Dithmenos
Fedhas
Gozag
Kikubaaqudgha
Makhleb
Okawaru
Qazlal
Ru
Sif Muna
Trog
Uskayaw
Vehumet
Wu Jian
Xom
Yredelemnul
Zin
The Shining One
Lugonu

Shops:
D *[??*?*:[((!!!!


Innate Abilities, Weirdness & Mutations

You are immune to sickness and miasma.
Your stone body is resilient. (AC +8)
You are immune to poison.
You resist negative energy. (rN+)
You are resistant to electric shocks. (rElec)
You are resistant to unholy torment.
You are immune to petrification.


Message History

The dimme is heavily wounded.
The dimme chants its luring song.
The eldritch tentacle slaps you but does no damage.
The eldritch tentacle claws you.
You feel very mighty all of a sudden.
You slice the dimme!! You burn the dimme!
The dimme is heavily wounded.
The dimme chants its luring song.
You slice the dimme!! You burn the dimme!
The dimme is severely wounded.
The eldritch tentacle closely misses you.
The eldritch tentacle barely misses you.
You barely miss the dimme.
The dimme is severely wounded.
The sea snake bites you but does no damage.
The eldritch tentacle slaps you but does no damage.
The eldritch tentacle claws you. The eldritch tentacle freezes you! You resist.
The dimme chants its luring song.
You slash the dimme! You burn the dimme.
The dimme is severely wounded.
The sea snake bites you but does no damage.
The eldritch tentacle closely misses you.
The eldritch tentacle claws you.
You feel protected.
The dimme chants its luring song.
The sea snake attacks as you move away! The sea snake closely misses you.
The eldritch tentacle slaps you but does no damage.
The eldritch tentacle claws you!!
* * * LOW HITPOINT WARNING * * *
The eldritch tentacle shocks you! You resist.
* * * LOW HITPOINT WARNING * * *
The dimme chants its luring song.
You see here a +0 war axe.
Unknown command.
You open the dimme like a pillowcase!!! You burn the dimme!!
The dimme is almost dead.
The sea snake barely misses you. The eldritch tentacle slaps you!
* * * LOW HITPOINT WARNING * * *
The eldritch tentacle freezes you! You resist.
You die...

#_...)).._# #_.....)._#
#_......._# ###..*...).)###
#⌠../.....[..⌠#
######.8/........8.######
##.___..<.).###..[)...__∩##
###∩.......w8S# #)8÷S......∩#
##...........@m###............
#⌠..........###...###.........
#⌠)..[..).).# #.<)# #.........
#⌠..........###...###.........
##........[...)###............
###∩........8.# #.8........∩#
##∩_._...)..###.......__∩##
######.8.........8.######
#⌠...........⌠#


You could see an eldritch tentacle, a dimme (mesmerising) and a sea snake.

Vanquished Creatures
  An eleionoma (D)
  An anaconda (D)
  Erolcha (D)
  2 ogre magi (D)
  2 two-headed ogres (D)
  A naga warrior (D)
  An alligator (D)
  An orc high priest (D)
  A sixfirhy (D)
  An orc knight (D)
  An orc sorcerer (D)
  2 orange demons (D)
  2 smoke demons (D)
  3 queen bees (D)
  An ice devil (D)
  3 ynoxinuls (D)
  A vampire mosquito (D)
  2 orc warriors (D)
  An ogre (D)
  A black bear (D)
  3 killer bees (D)
  An orc priest (D)
  Terence (D)
  An iguana (D)
  3 adders (D)
  6 gnolls (D)
  2 kobolds (D)
  2 ball pythons (D)
48 creatures vanquished.

Vanquished Creatures (collateral kills)
  A bunyip (D)
  2 bog bodies (D)
  A tyrant leech (D)
4 creatures vanquished.

Vanquished Creatures (others)
  A bloated husk (D)
1 creature vanquished.

Grand Total: 53 creatures vanquished

Notes
Turn   | Place    | Note
-------+----------+-------------------------------------------
     0 | D        | boopmooplesden the Gargoyle Gladiator began the quest for
                  | the Orb.
     0 | D        | Reached XP level 1. HP: 12/12 MP: 1/1
     3 | D        | Found a blossoming altar of Fedhas.
     3 | D        | Found a shadowy altar of Dithmenos.
     4 | D        | Found a shimmering blue altar of Sif Muna.
     4 | D        | Found an ancient bone altar of Kikubaaqudgha.
     5 | D        | Found a shimmering altar of Xom.
     5 | D        | Found a glowing silver altar of Zin.
     5 | D        | Round 1.
     6 | D        | Found an iron altar of Okawaru.
     6 | D        | Found Vooch's Identification Station.
     7 | D        | Found Ejeoplut's Jewellery.
     7 | D        | Found Bugapp's Advanced Armour.
    15 | D        | Bought a warped turquoise ring for 45 gold pieces
    15 | D        | Identified the ring "Erajorog" {rF+ Will+ Dex+6} (You
                  | bought it in a shop in the Dungeon)
    15 | D        | Bought a serpentine garnet amulet for 45 gold pieces
    15 | D        | Identified the amulet of Pessimism {Spirit rElec rC+ Str+2
                  | Int+3} (You bought it in a shop in the Dungeon)
    15 | D        | Bought a wavering bronze ring for 45 gold pieces
    15 | D        | Identified the ring of the Pariah {Fire rElec MP+9 Dex+2
                  | SInv} (You bought it in a shop in the Dungeon)
    25 | D        | Found a bloodstained altar of Trog.
    27 | D        | Found a radiant altar of Vehumet.
    28 | D        | Found Odghotzisk's Premium Goods.
    29 | D        | Found Lodidipp's Miscellaneous Merchandise.
    29 | D        | Found Lidicusm's Basic Armour.
    33 | D        | Became a worshipper of Trog the Wrathful
    34 | D        | Found an opulent altar of Gozag.
    34 | D        | Found a stormy altar of Qazlal.
    34 | D        | Found Ipudeowk's Weapon Rack.
    39 | D        | Noticed a black bear
    41 | D        | Found a hide-covered altar of Uskayaw.
    42 | D        | Found a burning altar of Makhleb.
    43 | D        | Found Utaephuj's Do-It-Yourself Clinic.
    44 | D        | Found Tirer's Bottled Wisdom.
    44 | D        | Found Ewihued's Distillery.
    44 | D        | Found a corrupted altar of Lugonu.
    44 | D        | Found a sacrificial altar of Ru.
    44 | D        | Found Loiggoag's Distillery.
    49 | D        | Killed a black bear
    50 | D        | Reached skill level 6 in Staves
    50 | D        | Reached XP level 2. HP: 20/20 MP: 2/2
    50 | D        | Reached XP level 3. HP: 24/24 MP: 3/3
    50 | D        | Reached XP level 4. HP: 29/29 MP: 4/4
    60 | D        | Reached * piety under Trog
    61 | D        | Reached skill level 5 in Dodging
    66 | D        | Found an ornate altar of the Wu Jian Council.
    67 | D        | Found a snail-covered altar of Cheibriados.
    68 | D        | Found a glowing golden altar of the Shining One.
    69 | D        | Found Ifask's Staff Store.
    70 | D        | Found a basalt altar of Yredelemnul.
    70 | D        | Found Juuw's Magic Scroll Shop.
    70 | D        | Found Rufer's Must-Have Magic.
    70 | D        | Found Qiset's Magic Scroll Shop.
    98 | D        | Noticed Terence
   110 | D        | Killed Terence
   110 | D        | Arena points: 12 (+12) [x2]
   111 | D        | Reached skill level 7 in Staves
   111 | D        | Reached XP level 5. HP: 33/33 MP: 5/5
   179 | D        | Round 2.
   185 | D        | Reached ** piety under Trog
   213 | D        | Reached skill level 8 in Staves
   221 | D        | Reached *** piety under Trog
   328 | D        | Arena points: 54 (+42) [x3]
   329 | D        | Reached skill level 1 in Armour
   346 | D        | Round 3.
   363 | D        | Noticed a naga warrior
   372 | D        | Reached **** piety under Trog
   373 | D        | Reached skill level 5 in Fighting
   383 | D        | Killed a naga warrior
   384 | D        | Reached skill level 12 in Staves
   384 | D        | Reached skill level 5 in Armour
   384 | D        | Reached skill level 1 in Stealth
   384 | D        | Reached XP level 6. HP: 31/44 MP: 5/6
   384 | D        | Reached XP level 7. HP: 34/48 MP: 5/7
   400 | D        | Arena points: 138 (+84) [x4]
   419 | D        | Round 4.
   435 | D        | Noticed a queen bee
   444 | D        | Reached XP level 8. HP: 46/54 MP: 8/8
   452 | D        | Noticed a queen bee
   459 | D        | Killed a queen bee
   460 | D        | Reached skill level 13 in Staves
   468 | D        | Killed a queen bee
   483 | D        | Noticed a queen bee
   500 | D        | Killed a queen bee
   500 | D        | Reached ***** piety under Trog
   501 | D        | Reached skill level 14 in Staves
   537 | D        | Arena points: 278 (+140) [x5]
   555 | D        | Bought a faintly glowing hat for 315 gold pieces
   555 | D        | Identified the +0 hat of the Undertaker {rF+ rC+ rN+ Dex-5}
                  | (You bought it in a shop in the Dungeon)
   572 | D        | Round 5.
   580 | D        | Noticed a giant anaconda
   595 | D        | Killed a giant anaconda
   595 | D        | Arena points: 558 (+280) [x7]
   596 | D        | Reached skill level 10 in Fighting
   596 | D        | Reached skill level 15 in Staves
   596 | D        | Reached XP level 9. HP: 51/62 MP: 9/9
   598 | D        | Got a serpentine rune of Zot
   599 | D        | Reached XP level 10. HP: 38/68 MP: 10/10
   754 | D        | Round 6.
   815 | D        | Noticed an orc sorcerer
   825 | D        | Noticed a sun demon
   827 | D        | Killed an orc sorcerer
   827 | D        | Received a gift from Trog
   841 | D        | Noticed an orc high priest
   855 | D        | Killed an orc high priest
   856 | D        | Reached skill level 16 in Staves
   856 | D        | Reached skill level 10 in Armour
   867 | D        | Noticed an orc knight
   883 | D        | Killed an orc knight
   909 | D        | Arena points: 600 (+42) [x1]
   924 | D        | Round 7.
   982 | D        | Noticed an eleionoma
   993 | D        | Killed an eleionoma
   994 | D        | Reached XP level 11. HP: 76/76 MP: 11/11
  1015 | D        | Noticed an alligator
  1023 | D        | Killed an alligator
  1024 | D        | Reached skill level 17 in Staves
  1024 | D        | Noticed a bunyip
  1037 | D        | Killed a bunyip
  1041 | D        | Noticed a bog body
  1041 | D        | Noticed a bog body
  1041 | D        | Identified the +12 lajatang of Trog's Generosity {flame,
                  | rF+++ Str-4 SInv Stlth+} (Trog gifted it to you in the
                  | Dungeon)
  1041 | D        | Received a gift from Trog
  1047 | D        | Killed a bog body
  1048 | D        | Killed a bog body
  1048 | D        | Arena points: 726 (+126) [x2]
  1113 | D        | Round 8.
  1117 | D        | Noticed a sixfirhy
  1128 | D        | Killed a sixfirhy
  1141 | D        | Reached skill level 18 in Staves
  1152 | D        | Received a gift from Trog
  1174 | D        | Received a gift from Trog
  1174 | D        | Arena points: 966 (+240) [x3]
  1207 | D        | Round 9.
  1209 | D        | Noticed an ogre mage
  1216 | D        | Killed an ogre mage
  1228 | D        | Reached ****** piety under Trog
  1244 | D        | Noticed a two-headed ogre
  1251 | D        | Killed a two-headed ogre
  1252 | D        | Reached XP level 12. HP: 52/86 MP: 12/12
  1329 | D        | Noticed a two-headed ogre
  1330 | D        | Noticed an ogre mage
  1330 | D        | Noticed Erolcha
  1334 | D        | Killed a two-headed ogre
  1342 | D        | Killed an ogre mage
  1343 | D        | Reached skill level 15 in Fighting
  1343 | D        | Reached skill level 19 in Staves
  1343 | D        | Reached skill level 15 in Armour
  1346 | D        | Killed Erolcha
  1346 | D        | Received a gift from Trog
  1376 | D        | Arena points: 1029 (+63) [x1]
  1391 | D        | Round 10.
  1411 | D        | Noticed a dimme
  1432 | D        | HP: 4/88 [eldritch tentacle[a dimme] (8)]
  1432 | D        | Slain by an eldritch tentacle

Illustrated notes

Levels and vault maps discovered:
D:        arena_sprint

Skill      XL: |  1  2  3  4  5  6  7  8  9 10 11 12 |
---------------+-------------------------------------+-----
Fighting       | 3 4 7 10 12 14 15 | 15.2
Staves         | 6 7 12 15 16 18 19 | 19.1
Throwing       | 2 3 |  3.1
Dodging        | 4 5 6 7 8 9 |  9.5
Armour         | 5 8 9 11 14 15 | 15.4
Stealth        | 1 2 4 |  4.4

Action                     |  1- 3 |  4- 6 |  7- 9 | 10-12 || total
---------------------------+-------+-------+-------+-------++-------
  Melee: Quarterstaff      |     5 |    54 |    60 |    66 ||   185
         Lajatang          |       |       |       |    67 ||    67
 Invoke: Berserk           |       |     1 |     2 |     2 ||     5
         Brothers in Arms  |       |       |       |     1 ||     1
    Use: Potion            |       |       |     1 |     1 ||     2
 Armour: Leather armour    |     1 |     2 |       |       ||     3
         Scale mail        |       |     6 |     5 |     8 ||    19
         Plate armour      |       |       |       |    46 ||    46
  Dodge: Dodged            |     4 |    32 |    27 |    59 ||   122
